 Dungeon Crawl Stone Soup version 0.27-a0-972-gd1521fd518 (webtiles) character file.

Game seed: 9655672337150503033

357 kae the Ruffian (level 6, 0/50 HPs)
             Began as a Draconian Transmuter on Apr 13, 2021.
             Killed from afar by a white imp (7 damage)
             ... with a puff of frost
             ... summoned by Natasha
             ... on level 2 of the Dungeon.
             The game lasted 00:02:19 (4146 turns).

kae the Ruffian (Draconian Transmuter)              Turns: 4146, Time: 00:02:19

Health: 0/50       AC:  6    Str: 14    XL:     6   Next: 37%
Magic:  6/10       EV: 12    Int: 14    God:
Gold:   36         SH:  0    Dex: 11    Spells: 6/10 levels left

rFire    . . .     SeeInvis .     - Unarmed
rCold    . . .     Faith    .   (no shield)
rNeg     . . .     Spirit   .   (armour unavailable)
rPois    .         Reflect  .   (helmet restricted)
rElec    .         Harm     .   (no cloak)
rCorr    .         Rampage  .   (no gloves)
Will     .....                  (no boots)
Stlth    ++........             (no amulet)
HPRegen  0.16/turn              (no ring)
MPRegen  0.12/turn              (no ring)

@: very slightly contaminated
A: AC +6, unfitting armour, cold-blooded
a: no special abilities


You were on level 2 of the Dungeon.
You visited 1 branch of the dungeon, and saw 3 of its levels.

You collected 36 gold pieces.

Inventory:

Jewellery
 d - a ring of magical power
Wands
 e - a wand of iceblast (10)
Potions
 a - a potion of magic
 c - a potion of cancellation


   Skills:
 + Level 2.4 Fighting
 + Level 2.5 Dodging
 + Level 1.7 Stealth
 * Level 4.3 Unarmed Combat
 + Level 2.7 Spellcasting
 * Level 3.6 Transmutations
 - Level 2.0 Poison Magic


You had 6 spell levels left.
You knew the following spells:

 Your Spells              Type           Power      Damage    Failure   Level
a - Beastly Appendage     Tmut           24%        N/A       4%          1
b - Spider Form           Tmut/Pois      4%         N/A       22%         3

Your spell library contained the following spells:

 Spells                   Type           Power      Damage    Failure   Level
 Wereblood                Tmut           12%        N/A       8%          2
 Ice Form                 Ice/Tmut       6%         N/A       71%         4
 Hydra Form               Tmut           6%         N/A       80%         5


Dungeon Overview and Level Annotations

Branches:
Dungeon (3/15)

Altars:
Dithmenos
Elyvilon

Annotations:
D:1 exclusion: gnoll
D:2 Natasha


Innate Abilities, Weirdness & Mutations

Your plain brown scales are hard. (AC +6)
You cannot fit into any form of body armour.
You are cold-blooded and may be slowed by cold attacks.


Message History

Natasha is lightly wounded.
The shadow imp misses you. Natasha claws you but does no damage.
You barely miss Natasha.
Your tail-slap misses Natasha.
Natasha is lightly wounded.
The shadow imp barely misses you. Natasha claws you!
You are too injured to fight recklessly!
You are too injured to fight recklessly!
Casting: Spider Form (dangerous; 22% risk of failure)
Confirm with . or Enter, or press ? or * to list all spells.
You miscast Spider Form.
You are very lightly contaminated with residual magic.
Your body is twisted painfully.
The white imp hits you. The white imp freezes you. The shadow imp hits you.
Natasha mumbles some strange words.
You closely miss Natasha.
Natasha is lightly wounded.
The white imp hits you. The white imp freezes you.
You feel yourself slow down.
* * * LOW HITPOINT WARNING * * *
The shadow imp hits you but does no damage.
Natasha claws you.
* * * LOW HITPOINT WARNING * * *
You barely miss Natasha.
Natasha is lightly wounded.
The white imp gestures at you. The puff of frost hits you.
* * * LOW HITPOINT WARNING * * *
The shadow imp barely misses you.
Natasha wildly gestures.
You feel troubled. Natasha closely misses you.
The white imp hits you but does no damage.
You hit Natasha. Your punch misses Natasha.
Natasha is moderately wounded.
You feel yourself speed up. The shadow imp hits you.
* * * LOW HITPOINT WARNING * * *
Natasha closely misses you. The white imp gestures at you.
The puff of frost hits you!
You die...

###.........# #########,*,
##.....##.# #........,*,
##.#.###.# #####.#####.###*
#.......# #.............#,
###[##### ####..##.#.###.#.*,
##.## #......#.#.###.#,,, #...#
#.#............#*** #...#
##.#5....##.#####*** #...#
#..@55...##.######..
#####...#####..#h..............#
##...........#..#..#..###.....###
<.............................#*,
.#...........#.###.#.##.#.....#*,
.#####...#####.###.#.##.#..)..#*,
.# #...# #.......##.#######** .#
##...## #####.#.##.######## .#
#.....# #.#.##........#


You could see Natasha, a white imp (summoned) and 2 shadow imps.

Vanquished Creatures
  Sigmund (D:2)
  A phantom (D:2)
  4 gnolls (D:3)
  3 adders
  2 worms
  5 dart slugs
  3 ball pythons
  4 endoplasms
  6 giant cockroaches
  A hobgoblin (D:1)
  4 jackals (D:1)
  2 quokkas (D:2)
  5 bats
  3 frilled lizards (D:1)
  4 goblins
  4 kobolds
  2 rats
54 creatures vanquished.

Notes
Turn   | Place    | Note
-------+----------+-------------------------------------------
     0 | D:1      | kae the Draconian Transmuter began the quest for the Orb.
     0 | D:1      | Reached XP level 1. HP: 16/16 MP: 3/3
   171 | D:1      | Reached XP level 2. HP: 22/23 MP: 3/5
   483 | D:1      | Found a faded altar of an unknown god.
   981 | D:2      | Noticed a phantom
  1043 | D:2      | Reached XP level 3. HP: 28/28 MP: 6/6
  1047 | D:2      | Learned a level 3 spell: Spider Form
  1078 | D:2      | Killed a phantom
  1079 | D:2      | Reached skill level 1 in Stealth
  1079 | D:2      | Reached skill level 1 in Poison Magic
  1079 | D:2      | Reached XP level 4. HP: 14/36 MP: 7/7
  1707 | D:2      | Reached XP level 5. HP: 15/41 MP: 8/8
  2002 | D:2      | Found a shadowy altar of Dithmenos.
  2130 | D:2      | Noticed Sigmund
  2132 | D:2      | Noticed Natasha
  2445 | D:2      | Killed Sigmund
  2446 | D:2      | Reached skill level 4 in Unarmed Combat
  2446 | D:2      | Reached XP level 6. HP: 44/49 MP: 2/9
  2585 | D:2      | Found a white marble altar of Elyvilon.
  3828 | D:2      | Found a white marble altar of Elyvilon.
  3969 | D:2      | Found a shadowy altar of Dithmenos.
  4146 | D:2      | Killed from afar by a white imp

Illustrated notes

Levels and vault maps discovered:
D:1:      ncdulo_watergridlock, layout_rooms,
          shapermc_ecumenical_altar_starsandcircs, kennysheep_decorative_pillar,
          nrook_mini_backslash, minmay_misc_feat_plants,
          minmay_misc_feat_nine_boxes, minmay_misc_feat_enclosed
D:2:      layout_loops_cross, basic_altar, amcnicky_mini_rare_corridor_liquid,
          kennysheep_flooded_box, uniq_sigmund, uniq_natasha
D:3:      kennysheep_slugbush, layout_basic, minivault_27, minmay_surrounded

Skill      XL: |  1  2  3  4  5 |
---------------+----------------+-----
Dodging        | 2 |  2.5
Stealth        | 1 |  1.7
Poison Magic   | 1 2 |  2.0
Transmutations | 3 |  3.6
Fighting       | 2 |  2.4
Unarmed Combat | 4 |  4.3
Spellcasting   | |  2.7

Action                   |  1- 3 |  4- 6 || total
-------------------------+-------+-------++-------
Melee: Unarmed           |    80 |   142 ||   222
       Kick              |    14 |    10 ||    24
       Headbutt          |    11 |     4 ||    15
       Tailslap          |     3 |     2 ||     5
       Punch             |     1 |       ||     1
 Cast: Beastly Appendage |    15 |     7 ||    22
       Spider Form       |       |    11 ||    11
  Use: Scroll            |       |     5 ||     5
Armor: Skin              |    28 |    35 ||    63
Dodge: Dodged            |    57 |   116 ||   173

Table legend: (Time is in decaauts)
 A = Elapsed time spent in this place.
 B = Non-inter-level travel time spent in this place.
 C = Inter-level travel time spent in this place.
 D = Time resting spent in this place.
 E = Time spent auto-exploring this place.
 F = Levels seen in this place.
 G = Mean time per level.
                   A        B        C        D        E       F      G
               +--------+--------+--------+--------+--------+-----+--------+
         Total |   4139 |   4018 |    121 |    181 |   3259 |   3 | 1379.7 |
       Dungeon |   4139 |   4018 |    121 |    181 |   3259 |   3 | 1379.7 |
               +--------+--------+--------+--------+--------+-----+--------+

Top non-repeatable levels by time:
     D:2: 2112 daAuts
     D:1: 1534 daAuts
     D:3: 493 daAuts
